PA
VALLEY BLUE SOX @ SOUTH BEACH BLAZE
08/08/2034
 
TOP OF THE 1ST
Valley Blue Sox batting - Pitching for South Beach Blaze : RHP Leo Beer
Pitching: RHP Leo Beer
Batting: RHB Dale Epner 0-0: Ball
1-0: Ball
2-0: Ball
3-0: Called Strike
3-1: Base on Balls
Batting: SHB Donnie Magee 0-0: Called Strike
0-1: Hit by Pitch
Dale Epner to second
Batting: RHB Richard Trevithick 0-0: Called Strike
0-1: Ball
1-1: Swinging Strike
1-2: Foul Ball, location: 2F
1-2: Ball
2-2: Strikes out swinging
Batting: RHB Jon Huband 0-0: Called Strike
0-1: Swinging Strike
0-2: Ball
Wild Pitch!
Dale Epner to third
Donnie Magee to second
1-2: Foul Ball, location: 2F
1-2: Ball
2-2: Ball
3-2: Foul Ball, location: 2F
3-2: Strikes out swinging
Batting: LHB Walter Butler 0-0: Foul Ball, location: 2F
0-1: Foul Ball, location: 2F
0-2: Strikes out swinging
Top of the 1st over - 0 runs, 0 hits, 0 errors, 2 left on base; Valley 0 - South Beach 0
BOTTOM OF THE 1ST
South Beach Blaze batting - Pitching for Valley Blue Sox : LHP Kieran Long
Pitching: LHP Kieran Long
Batting: RHB Maxence Sultanbekov 0-0: Called Strike
0-1: Called Strike
0-2: Ball
1-2: SINGLE (Groundball, 4MS) (infield hit)
Batting: LHB Lewis Blankenship 0-0: Fly out, F9 (Line Drive, 9)
Batting: SHB Eisse van Opdorp 0-0: Ball
1-0: Swinging Strike
1-1: Foul Ball, location: 2F
1-2: Foul Ball, location: 2F
1-2: Fly out, F9 (Flyball, 9LD)
Batting: RHB Dave Broom 0-0: Ball
1-0: Ball
2-0: SINGLE (Groundball, 4M) (infield hit)
Maxence Sultanbekov to second
Batting: RHB Mark Patterson 0-0: Ball
1-0: Called Strike
1-1: Foul Ball, location: 2F
1-2: Foul Ball, location: 2F
1-2: Strikes out swinging
Bottom of the 1st over - 0 runs, 2 hits, 0 errors, 2 left on base; Valley 0 - South Beach 0
TOP OF THE 2ND
Valley Blue Sox batting - Pitching for South Beach Blaze : RHP Leo Beer
Batting: RHB Dallas Jiménez 0-0: Swinging Strike
0-1: SINGLE (Groundball, 56D)
Batting: RHB Júlio Hernández 0-0: Ball
Dallas Jiménez is caught stealing 2nd base
1-0: Called Strike
1-1: Ball
2-1: Swinging Strike
2-2: Strikes out swinging
Batting: SHB Vincent Griffin 0-0: Swinging Strike
0-1: SINGLE (Flyball, 6MD)
Batting: RHB Jeff Fox 0-0: Ball
1-0: Ball
2-0: Ball
3-0: Called Strike
3-1: Fielders Choice at 2nd, 6-4 (Groundball, 6)
Top of the 2nd over - 0 runs, 2 hits, 0 errors, 1 left on base; Valley 0 - South Beach 0
BOTTOM OF THE 2ND
South Beach Blaze batting - Pitching for Valley Blue Sox : LHP Kieran Long
Batting: LHB Javier López 0-0: Ball
1-0: Swinging Strike
1-1: Ball
2-1: Ground out 4-3 (Groundball, 4S)
Batting: LHB Tomislav Jovovich 0-0: Swinging Strike
0-1: Foul Ball, location: 2F
0-2: Strikes out swinging
Batting: RHB Mikael Evangjeli 0-0: Ball
1-0: Called Strike
1-1: Fly out, F9 (Flyball, 9LMF)
Bottom of the 2nd over - 0 runs, 0 hits, 0 errors, 0 left on base; Valley 0 - South Beach 0
TOP OF THE 3RD
Valley Blue Sox batting - Pitching for South Beach Blaze : RHP Leo Beer
Batting: RHB Dale Epner 0-0: Ball
1-0: Ball
2-0: Ball
3-0: Called Strike
3-1: Base on Balls
Batting: SHB Donnie Magee 0-0: Ball
1-0: Called Strike
1-1: Ball
2-1: Fly out, F9 (Flyball, 9LM)
Batting: RHB Richard Trevithick 0-0: Swinging Strike
0-1: Ball
Wild Pitch!
Dale Epner to second
1-1: Ball
2-1: Ball
3-1: Swinging Strike
3-2: Strikes out looking
Batting: RHB Jon Huband 0-0: Ball
1-0: Ball
2-0: Ball
3-0: Base on Balls
Batting: LHB Walter Butler 0-0: Called Strike
0-1: Foul Ball, location: 2F
0-2: Ball
1-2: Foul Ball, location: 2F
1-2: Ball
2-2: Ball
3-2: Foul Ball, location: 2F
3-2: SINGLE (Line Drive, 9LS)
Dale Epner to third
Jon Huband to second
Dale Epner scores
Jon Huband to third
Batting: RHB Dallas Jiménez 0-0: Ball
1-0: Called Strike
1-1: Ball
2-1: Ball
3-1: Called Strike
3-2: Fly out, F5 (Line Drive, 56S)
Top of the 3rd over - 1 run, 1 hit, 0 errors, 2 left on base; Valley 1 - South Beach 0
BOTTOM OF THE 3RD
South Beach Blaze batting - Pitching for Valley Blue Sox : LHP Kieran Long
Batting: SHB Noah Martone 0-0: Ball
1-0: SINGLE (Groundball, 56) (infield hit)
Batting: RHB Maxence Sultanbekov 0-0: Grounds into double play, 4-6-3 (Groundball, 4)
Batting: LHB Lewis Blankenship 0-0: Foul Ball, location: 2F
0-1: Bunted foul
0-2: Strikes out swinging
Bottom of the 3rd over - 0 runs, 1 hit, 0 errors, 0 left on base; Valley 1 - South Beach 0
TOP OF THE 4TH
Valley Blue Sox batting - Pitching for South Beach Blaze : RHP Leo Beer
Batting: RHB Júlio Hernández 0-0: Swinging Strike
0-1: Ball
1-1: Foul Ball, location: 2F
1-2: Foul Ball, location: 2F
1-2: Strikes out looking
Batting: SHB Vincent Griffin 0-0: Called Strike
0-1: Swinging Strike
0-2: Ball
1-2: Strikes out swinging
Batting: RHB Jeff Fox 0-0: Swinging Strike
0-1: Foul Ball, location: 2F
0-2: Foul Ball, location: 2F
0-2: Strikes out swinging
Top of the 4th over - 0 runs, 0 hits, 0 errors, 0 left on base; Valley 1 - South Beach 0
BOTTOM OF THE 4TH
South Beach Blaze batting - Pitching for Valley Blue Sox : LHP Kieran Long
Batting: SHB Eisse van Opdorp 0-0: Called Strike
0-1: Ball
1-1: Called Strike
1-2: Strikes out swinging
Batting: RHB Dave Broom 0-0: Ball
1-0: Foul Ball, location: 2F
1-1: Foul Ball, location: 2F
1-2: Foul Ball, location: 2F
1-2: Ball
2-2: Ball
3-2: Foul Ball, location: 2F
3-2: Base on Balls
Batting: RHB Mark Patterson 0-0: Called Strike
Dave Broom steals 2nd base
0-1: Called Strike
Dave Broom steals 3rd base
0-2: Foul Ball, location: 2F
0-2: Ball
1-2: Ball
2-2: Ball
3-2: Foul Ball, location: 2F
3-2: SINGLE (Groundball, 34D)
Dave Broom scores
Batting: LHB Javier López 0-0: Ball
1-0: Ball
2-0: SINGLE (Flyball, 89S)
Mark Patterson to second
Batting: LHB Tomislav Jovovich 0-0: Swinging Strike
0-1: Ball
1-1: Called Strike
1-2: Ball
2-2: SINGLE (Line Drive, 89S)
Mark Patterson to third
Javier López to second
Batting: RHB Mikael Evangjeli 0-0: Called Strike
0-1: Fly out, F7 (Flyball, 7LD)
Runner from 3rd tags up, SCORES, no throw
Batting: SHB Noah Martone 0-0: Foul Ball, location: 2F
0-1: Foul Ball, location: 2F
0-2: Foul Ball, location: 2F
0-2: Ball
1-2: Strikes out swinging
Bottom of the 4th over - 2 runs, 3 hits, 0 errors, 2 left on base; Valley 1 - South Beach 2
TOP OF THE 5TH
Valley Blue Sox batting - Pitching for South Beach Blaze : RHP Leo Beer
Batting: RHB Dale Epner 0-0: Ball
1-0: Foul Ball, location: 2F
1-1: Ball
2-1: Ball
3-1: Swinging Strike
3-2: Foul Ball, location: 2F
3-2: Base on Balls
Pitching: RHP Arturo Mesa
Batting: SHB Donnie Magee 0-0: Called Strike
Dale Epner is caught stealing 2nd base
0-1: Ball
1-1: Ball
2-1: Ball
3-1: Foul Ball, location: 2F
3-2: Foul Ball, location: 2F
3-2: Reached on error, E6 (Groundball, 6)
Batting: RHB Richard Trevithick 0-0: Called Strike
0-1: Ball
1-1: Fly out, F7 (Flyball, 7)
Batting: RHB Jon Huband 0-0: Ball
1-0: Ground out 6-3 (Groundball, 6MS)
Top of the 5th over - 0 runs, 0 hits, 1 error, 1 left on base; Valley 1 - South Beach 2
BOTTOM OF THE 5TH
South Beach Blaze batting - Pitching for Valley Blue Sox : LHP Kieran Long
Batting: RHB Maxence Sultanbekov 0-0: Ball
1-0: Ball
2-0: Foul Ball, location: 2F
2-1: Ball
3-1: Swinging Strike
3-2: Foul Ball, location: 2F
3-2: Base on Balls
Batting: LHB Lewis Blankenship 0-0: Sac Bunt - play at first, batter OUT! 2-3
Maxence Sultanbekov to second
Batting: SHB Eisse van Opdorp 0-0: Foul Ball, location: 2F
0-1: Foul Ball, location: 2F
0-2: Ground out 6-3 (Groundball, 6)
Maxence Sultanbekov to third
Batting: RHB Dave Broom 0-0: Ball
1-0: Foul Ball, location: 2F
1-1: Foul Ball, location: 2F
1-2: SINGLE (Groundball, 4MD)
Maxence Sultanbekov scores
Batting: RHB Mark Patterson 0-0: Ball
1-0: SINGLE (Groundball, 5L) (infield hit)
Dave Broom to second
Batting: LHB Javier López 0-0: Called Strike
0-1: Ball
1-1: Ground out U3 (Groundball, 34)
Bottom of the 5th over - 1 run, 2 hits, 0 errors, 2 left on base; Valley 1 - South Beach 3
TOP OF THE 6TH
Valley Blue Sox batting - Pitching for South Beach Blaze : RHP Arturo Mesa
Batting: LHB Walter Butler 0-0: Foul Ball, location: 2F
0-1: Called Strike
0-2: Ball
1-2: Strikes out swinging
Batting: RHB Dallas Jiménez 0-0: Foul Ball, location: 2F
0-1: Ball
1-1: Ball
2-1: Ball
3-1: SINGLE (Line Drive, 3)
Batting: RHB Júlio Hernández 0-0: Ball
1-0: Ball
2-0: Foul Ball, location: 2F
2-1: Foul Ball, location: 2F
2-2: Foul Ball, location: 2F
2-2: Reached on error, E5 (Groundball, 56)
Dallas Jiménez to second
Batting: SHB Vincent Griffin 0-0: Called Strike
0-1: Called Strike
0-2: DOUBLE (Flyball, 78D)
Dallas Jiménez scores
Júlio Hernández to third
Batting: RHB Jeff Fox 0-0: Called Strike
0-1: Swinging Strike
0-2: Ball
1-2: Ground out 3-1 (Groundball, 34S)
Batting: RHB Dale Epner 0-0: Ball
1-0: Called Strike
1-1: Swinging Strike
1-2: Ball
2-2: Strikes out swinging
Top of the 6th over - 1 run, 2 hits, 1 error, 2 left on base; Valley 2 - South Beach 3
BOTTOM OF THE 6TH
South Beach Blaze batting - Pitching for Valley Blue Sox : LHP Kieran Long
Batting: LHB Tomislav Jovovich 0-0: Called Strike
0-1: Foul Ball, location: 2F
0-2: Foul Ball, location: 2F
0-2: Ground out 4-3 (Groundball, 4)
Batting: RHB Mikael Evangjeli 0-0: Swinging Strike
0-1: Ball
1-1: Ball
2-1: Ball
3-1: Foul Ball, location: 2F
3-2: Foul Ball, location: 2F
3-2: Base on Balls
Batting: SHB Noah Martone 0-0: Foul Ball, location: 2F
0-1: Ball
1-1: Called Strike
1-2: Foul Ball, location: 2F
1-2: Strikes out swinging
Batting: RHB Maxence Sultanbekov 0-0: Ball
1-0: Ball
2-0: Fly out, F4 (Popup, 4MD)
Bottom of the 6th over - 0 runs, 0 hits, 0 errors, 1 left on base; Valley 2 - South Beach 3
TOP OF THE 7TH
Valley Blue Sox batting - Pitching for South Beach Blaze : RHP Arturo Mesa
Batting: SHB Donnie Magee 0-0: Ground out 1-3 (Groundball, 13)
Batting: RHB Richard Trevithick 0-0: Ball
1-0: Ball
2-0: Foul Ball, location: 2F
2-1: Ball
3-1: Foul Ball, location: 2F
3-2: Foul Ball, location: 2F
3-2: Base on Balls
Batting: RHB Jon Huband 0-0: Called Strike
0-1: Ball
1-1: Ball
2-1: Called Strike
2-2: Foul Ball, location: 2F
2-2: Fly out, F9 (Line Drive, 9S)
Batting: LHB Walter Butler 0-0: Ball
1-0: Called Strike
1-1: Ball
2-1: Swinging Strike
2-2: Ball
3-2: 2-RUN HOME RUN (Flyball, 89XD), Distance : 440 ft
Pitching: RHP Jacob Swanson
Batting: RHB Dallas Jiménez 0-0: Ball
1-0: Fly out, F8 (Flyball, 8LM)
Top of the 7th over - 2 runs, 1 hit, 0 errors, 0 left on base; Valley 4 - South Beach 3
BOTTOM OF THE 7TH
South Beach Blaze batting - Pitching for Valley Blue Sox : LHP Kieran Long
Batting: LHB Lewis Blankenship 0-0: Ball
1-0: Called Strike
1-1: Swinging Strike
1-2: Ball
2-2: Fly out, F8 (Flyball, 8LD)
Batting: SHB Eisse van Opdorp 0-0: Called Strike
0-1: Foul Ball, location: 2F
0-2: Strikes out swinging
Batting: RHB Dave Broom 0-0: Called Strike
0-1: Ball
1-1: Foul Ball, location: 2F
1-2: Ground out 4-3 (Groundball, 4S)
Bottom of the 7th over - 0 runs, 0 hits, 0 errors, 0 left on base; Valley 4 - South Beach 3
TOP OF THE 8TH
Valley Blue Sox batting - Pitching for South Beach Blaze : RHP Jacob Swanson
Batting: RHB Júlio Hernández 0-0: Called Strike
0-1: Ball
1-1: Foul Ball, location: 2F
1-2: SINGLE (Groundball, 6MD)
Pinch Hitting: LHB Stuart Janssen 0-0: Ball
1-0: Ball
2-0: Swinging Strike
2-1: Called Strike
Júlio Hernández is caught stealing 2nd base
2-2: Ball
3-2: Base on Balls
Batting: RHB Jeff Fox 0-0: Ball
1-0: Called Strike
1-1: Foul Ball, location: 2F
1-2: Strikes out looking
Batting: RHB Dale Epner 0-0: Foul Ball, location: 2F
0-1: Called Strike
0-2: Foul Ball, location: 2F
0-2: Ball
1-2: Ball
2-2: Ball
3-2: Strikes out looking
Top of the 8th over - 0 runs, 1 hit, 0 errors, 1 left on base; Valley 4 - South Beach 3
BOTTOM OF THE 8TH
South Beach Blaze batting - Pitching for Valley Blue Sox : LHP Kieran Long
Pitching: RHP Bligh Madris
Now at 1B: Stuart Janssen
Batting: RHB Mark Patterson 0-0: Ball
1-0: Ball
2-0: Ball
3-0: Called Strike
3-1: Base on Balls
Pinch Runner at 1st Chi-young Wa:
Batting: LHB Javier López 0-0: Ball
1-0: Sac Bunt - play at first, batter OUT! 1-4
Chi-young Wa to second
Batting: LHB Tomislav Jovovich 0-0: Ball
1-0: SINGLE (Line Drive, 6M)
Chi-young Wa to third
Pinch Hitting: LHB Nelson López 0-0: Ball
1-0: Ball
2-0: Foul Ball, location: 2F
2-1: Swinging Strike
2-2: DOUBLE (Flyball, 9D)
Chi-young Wa scores
Tomislav Jovovich to third
Batting: SHB Noah Martone 0-0: Ball
1-0: Called Strike
1-1: Called Strike
1-2: SINGLE (Line Drive, 89S)
Tomislav Jovovich scores
Nelson López to third
Pitching: RHP Eddo Mud
Batting: RHB Maxence Sultanbekov 0-0: Called Strike
0-1: Swinging Strike
0-2: Ball
1-2: Fielders Choice at 2nd, 4-6 (Groundball, 4)
Nelson López scores
Batting: LHB Lewis Blankenship 0-0: Ball
1-0: Ball
2-0: Ball
3-0: Base on Balls
Maxence Sultanbekov to second
Batting: SHB Eisse van Opdorp 0-0: SINGLE (Groundball, 56D)
Maxence Sultanbekov to third
Lewis Blankenship to second
Runner from 3rd tries for Home, throw and OUT!
Bottom of the 8th over - 3 runs, 4 hits, 0 errors, 2 left on base; Valley 4 - South Beach 6
TOP OF THE 9TH
Valley Blue Sox batting - Pitching for South Beach Blaze : RHP Jacob Swanson
Now in LF: Nelson López
Batting: SHB Donnie Magee 0-0: Called Strike
0-1: Ball
1-1: Foul Ball, location: 2F
1-2: Foul Ball, location: 2F
1-2: Ball
2-2: SOLO HOME RUN (Flyball, 89XD), Distance : 435 ft
Batting: RHB Richard Trevithick 0-0: Foul Ball, location: 2F
0-1: Ball
1-1: Ball
2-1: Called Strike
2-2: Foul Ball, location: 2F
2-2: Ball
3-2: Base on Balls
Pinch Runner at 1st Cisco Beltrán:
Batting: RHB Jon Huband 0-0: Ball
1-0: Swinging Strike
1-1: Swinging Strike
1-2: Ball
2-2: Foul Ball, location: 2F
2-2: Foul Ball, location: 2F
2-2: Foul Ball, location: 2F
2-2: Ball
3-2: Strikes out looking
Batting: LHB Walter Butler 0-0: Swinging Strike
0-1: Ball
1-1: Ball
2-1: Ball
3-1: Swinging Strike
3-2: Foul Ball, location: 2F
3-2: Foul Ball, location: 2F
3-2: Base on Balls
Cisco Beltrán to second
Batting: RHB Dallas Jiménez 0-0: Ball
1-0: Ball
2-0: Called Strike
2-1: Ball
3-1: Foul Ball, location: 2F
3-2: Strikes out swinging
Pitching: LHP Devoid Couch
Batting: RHB Júlio Hernández 0-0: Ball
1-0: Called Strike
1-1: Called Strike
1-2: Foul Ball, location: 2F
1-2: Ball
2-2: Foul Ball, location: 2F
2-2: Ground out 5-3 (Groundball, 56S)
Top of the 9th over - 1 run, 1 hit, 0 errors, 2 left on base; Valley 5 - South Beach 6
Friday, March 29th, 2019 - OOTP Baseball 18.8 Build 76